Map: Benchmarker - Dusk Towers

Players

blackxored

  • Race: Zerg Zerg
  • League: Diamond

Yourself

  • Race: Protoss Protoss

VOD

Have the link to the VOD?

Description

Time

  • Played on: June 30, 2016, 11:20 a.m.
  • Length: 44:19
Show
View Real Time Build Order
Export as new Build Order

blackxored Zerg 

Build Orders: Hatch First 

Get SALT Encoding   

  12  0:45  Drone  
  13  0:52  Drone  
  14  1:03  Overlord  
  14  1:06  Extractor  
  14  1:07  Drone  
  15  1:23  Drone x2  
  17  1:38  Hatchery  
  17  1:39  Drone  
  17  1:42  Drone  
  18  1:53  Extractor  
  17  1:57  Spawning Pool  
  17  1:59  Drone  
  17  2:03  Drone  
  18  2:11  Drone  
  19  2:22  Overlord  
  19  2:32  Drone  
  20  2:45  Queen  
  20  2:50  Zergling x2  
  20  2:51  Hatchery  
  22  2:56  Metabolic Boost  
  22  3:04  Queen  
  24  3:10  Overlord  
  24  3:13  Terran Vehicle And Ship Armor Level 3, Terran Infantry Armor Level 3, Zerg Missile Weapons Level 3, Protoss Shields Level 3, Terran Infantry Weapons Level 3, Zerg Flyer Armor Level 3, Terran Vehicle and Ship Weapons Level 3, Zerg Ground Armor Level 3, Terran Ship Armor Level 3, Zerg Melee Weapons Level 3, Zerg Flyer Weapons Level 3, Terran Vehicle Armor Level 3, Protoss Ground Armor Level 3, Terran Ship Weapons Level 3, Protoss Air Weapons Level 3, Protoss Ground Weapons Level 3, Terran Vehicle Weapons Level 3, Protoss Air Armor Level 3  
  24  3:18  Drone  
  25  3:21  Overlord  
  25  3:34  Terran Vehicle And Ship Armor Level 2, Zerg Flyer Weapons Level 2, Protoss Ground Weapons Level 2, Zerg Melee Weapons Level 2, Terran Ship Weapons Level 2, Drone x4, Zerg Flyer Armor Level 2, Zerg Ground Armor Level 2, Terran Infantry Weapons Level 2, Terran Vehicle Weapons Level 2, Protoss Shields Level 2, Terran Infantry Armor Level 2, Protoss Air Armor Level 2, Zerg Missile Weapons Level 2, Protoss Ground Armor Level 2, Terran Ship Armor Level 2, Terran Vehicle and Ship Weapons Level 2, Protoss Air Weapons Level 2, Terran Vehicle Armor Level 2  
  28  3:36  Drone  
  30  3:47  Drone x2  
  32  3:49  Blink, Stimpack, Pneumatized Carapace  
  32  3:56  Terran Ship Armor Level 1, Terran Infantry Armor Level 1, Protoss Shields Level 1, Zerg Flyer Armor Level 1, Drone x2, Zerg Ground Armor Level 1, Zerg Flyer Weapons Level 1, Protoss Ground Armor Level 1, Protoss Ground Weapons Level 1, Terran Vehicle And Ship Armor Level 1, Protoss Air Armor Level 1, Zerg Melee Weapons Level 1, Terran Vehicle and Ship Weapons Level 1, Terran Vehicle Weapons Level 1, Warp Gate, Zerg Missile Weapons Level 1, Protoss Air Weapons Level 1, Terran Infantry Weapons Level 1, Terran Vehicle Armor Level 1, Terran Ship Weapons Level 1  
  32  3:57  Drone  
  32  4:00  Drone  
  36  4:07  Queen  
  38  4:10  Charge, Resonating Glaives, Extended Thermal Lance, Building Armor  
  38  4:17  Adrenal Glands, Drone x4, Ventral Sacs  
  38  4:18  Drone  
  38  4:21  Evolution Chamber  
  38  4:23  Enduring Locusts  
  42  4:24  Personal Cloaking  
  42  4:26  Baneling Nest  
  42  4:29  Drone x2  
  42  4:30  Psionic Storm  
  43  4:31  Cloaking Field, Combat Shields, Tunneling Claws, Centrifical Hooks, Glial Reconstitution, Neural Parasite, Neosteel Frame, Unknown, Corvid Reactor, Metabolic Boost, Infernal Pre-Igniter, Chitinous Plating  
  43  4:39  Burrow, Muscular Augments x2  
  43  4:46  Anion Pulse-Crystals, Drone x7  
  43  4:47  Drone x2  
  52  4:53  Overlord, Pathogen Glands, Observer Gravitic Boosters, Hi-Sec Auto Tracking, Graviton Catapult, Gravitic Drive  
  52  4:57  Overlord  
  52  5:04  Drone x2  
  54  5:07  Pneumatized Carapace, Concussive Shells  
  54  5:12  Drone x2  
  54  5:13  Drone x6  
  62  5:20  Overlord  
  62  5:31  Extractor  
  62  5:32  Overlord  
  61  5:38  Drone x12  
    5:50  Unknown x5  
    5:54  Drone  
  13  5:59  Drone  
  14  6:08  Overlord  
  14  6:10  Extractor  
  13  6:14  Drone  
  15  6:29  Drone x2  
  17  6:45  Hatchery  
  16  6:48  Drone  
  16  6:50  Drone  
  18  7:02  Extractor  
  18  7:06  Spawning Pool  
  18  7:08  Drone  
  17  7:11  Drone  
  18  7:20  Terran Vehicle And Ship Armor Level 3, Terran Infantry Armor Level 3, Zerg Missile Weapons Level 3, Protoss Shields Level 3, Terran Infantry Weapons Level 3, Zerg Flyer Armor Level 3, Terran Vehicle and Ship Weapons Level 3, Zerg Ground Armor Level 3, Terran Ship Armor Level 3, Zerg Melee Weapons Level 3, Zerg Flyer Weapons Level 3, Terran Vehicle Armor Level 3, Protoss Ground Armor Level 3, Terran Ship Weapons Level 3, Protoss Air Weapons Level 3, Protoss Ground Weapons Level 3, Terran Vehicle Weapons Level 3, Protoss Air Armor Level 3  
  18  7:23  Drone  
  19  7:30  Overlord  
  19  7:40  Drone  
  19  7:41  Terran Vehicle And Ship Armor Level 2, Zerg Flyer Weapons Level 2, Protoss Ground Weapons Level 2, Zerg Melee Weapons Level 2, Terran Vehicle Armor Level 2, Zerg Flyer Armor Level 2, Zerg Ground Armor Level 2, Terran Infantry Weapons Level 2, Terran Vehicle Weapons Level 2, Protoss Shields Level 2, Terran Infantry Armor Level 2, Protoss Air Armor Level 2, Zerg Missile Weapons Level 2, Protoss Ground Armor Level 2, Terran Ship Armor Level 2, Terran Vehicle and Ship Weapons Level 2, Protoss Air Weapons Level 2, Terran Ship Weapons Level 2  
  20  7:49  Terran Vehicle And Ship Armor Level 3, Terran Infantry Armor Level 3, Zerg Missile Weapons Level 3, Protoss Shields Level 3, Terran Infantry Weapons Level 3, Zerg Flyer Armor Level 3, Terran Vehicle and Ship Weapons Level 3, Zerg Ground Armor Level 3, Terran Ship Armor Level 3, Zerg Melee Weapons Level 3, Zerg Flyer Weapons Level 3, Terran Vehicle Armor Level 3, Protoss Ground Armor Level 3, Terran Ship Weapons Level 3, Protoss Air Weapons Level 3, Protoss Ground Weapons Level 3, Terran Vehicle Weapons Level 3, Protoss Air Armor Level 3  
  20  7:51  Hatchery  
  20  7:53  Queen  
  20  7:56  Zergling x2, Blink, Stimpack  
  22  8:03  Terran Ship Armor Level 1, Terran Infantry Armor Level 1, Protoss Shields Level 1, Zerg Flyer Armor Level 1, Zerg Ground Armor Level 1, Zerg Flyer Weapons Level 1, Protoss Ground Armor Level 1, Protoss Ground Weapons Level 1, Terran Vehicle And Ship Armor Level 1, Protoss Air Armor Level 1, Zerg Melee Weapons Level 1, Terran Vehicle and Ship Weapons Level 1, Terran Vehicle Weapons Level 1, Warp Gate, Zerg Missile Weapons Level 1, Protoss Air Weapons Level 1, Terran Infantry Weapons Level 1, Terran Vehicle Armor Level 1, Terran Ship Weapons Level 1  
  22  8:06  Queen  
  22  8:10  Terran Vehicle And Ship Armor Level 2, Zerg Flyer Weapons Level 2, Protoss Ground Weapons Level 2, Zerg Melee Weapons Level 2, Terran Vehicle Armor Level 2, Zerg Flyer Armor Level 2, Zerg Ground Armor Level 2, Terran Infantry Weapons Level 2, Terran Vehicle Weapons Level 2, Protoss Shields Level 2, Terran Infantry Armor Level 2, Protoss Air Armor Level 2, Zerg Missile Weapons Level 2, Protoss Ground Armor Level 2, Terran Ship Armor Level 2, Terran Vehicle and Ship Weapons Level 2, Protoss Air Weapons Level 2, Terran Ship Weapons Level 2  
  22  8:11  Metabolic Boost  
  24  8:17  Charge, Resonating Glaives, Extended Thermal Lance, Drone, Building Armor  
  25  8:22  Overlord  
  25  8:24  Adrenal Glands, Ventral Sacs  
  25  8:25  Blink, Stimpack  
  25  8:26  Zergling x2  
  26  8:29  Zergling x2  
  26  8:30  Enduring Locusts  
  26  8:31  Personal Cloaking  
  26  8:32  Terran Ship Armor Level 1, Terran Infantry Armor Level 1, Protoss Shields Level 1, Zerg Flyer Armor Level 1, Zerg Ground Armor Level 1, Zerg Flyer Weapons Level 1, Protoss Ground Armor Level 1, Protoss Ground Weapons Level 1, Terran Vehicle And Ship Armor Level 1, Protoss Air Armor Level 1, Zerg Melee Weapons Level 1, Terran Vehicle and Ship Weapons Level 1, Terran Vehicle Weapons Level 1, Warp Gate, Zerg Missile Weapons Level 1, Protoss Air Weapons Level 1, Terran Infantry Weapons Level 1, Terran Vehicle Armor Level 1, Terran Ship Weapons Level 1  
  27  8:36  Drone  
  27  8:37  Psionic Storm, Drone  
  27  8:38  Cloaking Field, Drone, Combat Shields, Tunneling Claws, Centrifical Hooks, Glial Reconstitution, Neural Parasite, Neosteel Frame, Unknown, Corvid Reactor, Metabolic Boost, Infernal Pre-Igniter, Chitinous Plating  
  30  8:43  Drone  
  30  8:44  Drone  
  30  8:46  Burrow, Muscular Augments x2, Charge, Building Armor, Extended Thermal Lance, Resonating Glaives  
  32  8:50  Pneumatized Carapace  
  32  8:53  Adrenal Glands, Anion Pulse-Crystals, Drone, Ventral Sacs  
  33  8:55  Drone  
  33  8:59  Enduring Locusts  
  33  9:00  Pathogen Glands, Observer Gravitic Boosters, Hi-Sec Auto Tracking, Personal Cloaking, Graviton Catapult, Gravitic Drive  
  34  9:03  Drone x2  
  34  9:06  Psionic Storm  
  34  9:07  Cloaking Field, Drone x2, Combat Shields, Tunneling Claws, Centrifical Hooks, Glial Reconstitution, Neural Parasite, Neosteel Frame, Unknown, Corvid Reactor, Metabolic Boost, Infernal Pre-Igniter, Chitinous Plating  
  34  9:08  Drone  
  39  9:11  Drone  
  39  9:14  Pneumatized Carapace, Concussive Shells  
  39  9:15  Burrow, Hive, Muscular Augments x2  
  41  9:17  Drone x2  
  41  9:18  Drone  
  41  9:22  Anion Pulse-Crystals  
  43  9:28  Overlord  
  43  9:29  Pathogen Glands, Graviton Catapult, Gravitic Drive, Observer Gravitic Boosters, Hi-Sec Auto Tracking  
  45  9:37  Roach Warren  
  45  9:40  Overlord  
  45  9:41  Evolution Chamber  
  45  9:42  Drone  
  45  9:43  Baneling Nest, Pneumatized Carapace, Concussive Shells  
  44  9:46  Drone x12  
  44  9:53  Extractor  
  44  9:57  Unknown x4  
  44  9:58  Unknown  
    10:08  Overlord  
    10:14  Drone x12  
    10:26  Unknown x4  
  12  10:29  Drone  
  12  10:35  Drone  
  14  10:46  Overlord  
  14  10:49  Extractor  
  13  10:50  Drone  
  15  11:04  Drone  
  15  11:05  Drone  
  17  11:19  Hatchery  
  17  11:22  Drone  
  17  11:25  Drone  
  18  11:36  Extractor  
  17  11:41  Spawning Pool  
  17  11:43  Drone  
  17  11:46  Drone  
  18  11:55  Drone  
  19  12:06  Overlord  
  19  12:16  Drone  
  20  12:26  Hatchery  
  20  12:28  Queen  
  21  12:31  Zergling x2  
  21  12:35  Zergling x2  
  23  12:44  Metabolic Boost  
  23  12:46  Drone  
  23  12:47  Drone  
  25  12:51  Zergling x2  
  26  12:58  Overlord  
  26  13:06  Queen  
  28  13:17  Drone x3  
  28  13:19  Drone  
  32  13:24  Pneumatized Carapace  
  32  13:27  Drone  
  33  13:29  Drone  
  33  13:33  Drone  
  35  13:36  Drone  
  36  13:43  Queen  
  36  13:48  Drone x2  
  40  13:49  Drone  
  40  13:51  Drone  
  40  13:54  Drone  
  43  13:58  Drone  
  43  14:01  Overlord  
  44  14:08  Drone x4  
  48  14:15  Evolution Chamber  
  47  14:20  Baneling Nest  
  47  14:21  Overlord  
  46  14:24  Extractor  
  46  14:25  Drone x2  
  46  14:31  Drone x4  
  49  14:32  Drone  
  52  14:38  Drone  
  52  14:39  Drone x2  
  52  14:43  Zerg Melee Weapons Level 1  
  55  14:46  Drone x3  
  55  14:47  Drone  
  55  14:50  Overlord  
  59  14:53  Drone x2  
  59  14:58  Drone  
  59  14:59  Drone x2  
  64  15:01  Drone  
  64  15:02  Drone  
  64  15:06  Overlord  
  66  15:15  Zergling x12  
  66  15:16  Zergling x4  
  66  15:19  Overlord  
  74  15:22  Lair  
  74  15:38  Extractor, Drone x6  
  74  15:39  Extractor  
  74  15:42  Drone x2  
  80  15:44  Hatchery  
  80  15:46  Drone  
  80  15:47  Extractor, Drone x5  
  80  15:48  Extractor  
  83  15:57  Overlord  
  83  15:58  Overlord, Zergling x4  
  83  15:59  Zergling x4  
  87  16:10  Zergling x2  
  87  16:11  Overlord x4  
  88  16:24  Infestation Pit, Drone, Evolution Chamber  
  87  16:28  Centrifical Hooks  
  87  16:32  Zergling x24  
  99  16:39  Zerg Melee Weapons Level 2  
  99  16:49  Zerg Ground Armor Level 1  
  99  16:51  Zergling x10  
  99  16:53  Baneling x24  
  104  17:02  Hive  
  104  17:15  Drone  
  105  17:17  Spire, Drone x12  
  116  17:33  Extractor  
  116  17:34  Drone  
  116  17:35  Drone x5  
  116  17:36  Extractor  
  120  17:40  Zergling x14  
  120  17:43  Overseer  
  127  17:46  Zergling x8  
  127  17:49  Queen  
  127  17:51  Overlord x2  
  133  17:58  Zergling x8  
  133  17:59  Zergling x2  
  133  18:02  Overlord x4  
  133  18:03  Terran Vehicle And Ship Armor Level 3, Terran Infantry Armor Level 3, Zerg Missile Weapons Level 3, Protoss Shields Level 3, Terran Infantry Weapons Level 3, Zerg Flyer Armor Level 3, Terran Vehicle and Ship Weapons Level 3, Zerg Ground Armor Level 3, Terran Ship Armor Level 3, Zerg Melee Weapons Level 3, Zerg Flyer Weapons Level 3, Terran Vehicle Armor Level 3, Protoss Ground Armor Level 3, Terran Ship Weapons Level 3, Protoss Air Weapons Level 3, Protoss Ground Weapons Level 3, Terran Vehicle Weapons Level 3, Protoss Air Armor Level 3  
  138  18:12  Terran Vehicle And Ship Armor Level 3, Terran Infantry Armor Level 3, Zerg Missile Weapons Level 3, Protoss Shields Level 3, Terran Infantry Weapons Level 3, Zerg Flyer Armor Level 3, Terran Vehicle and Ship Weapons Level 3, Zerg Ground Armor Level 3, Terran Ship Armor Level 3, Zerg Melee Weapons Level 3, Zerg Flyer Weapons Level 3, Terran Vehicle Armor Level 3, Protoss Ground Armor Level 3, Terran Ship Weapons Level 3, Protoss Air Weapons Level 3, Protoss Ground Weapons Level 3, Terran Vehicle Weapons Level 3, Protoss Air Armor Level 3  
  138  18:14  Zergling x2  
  138  18:15  Zergling x12  
  145  18:23  Zergling x2  
  145  18:24  Terran Vehicle And Ship Armor Level 2, Zerg Flyer Weapons Level 2, Protoss Ground Weapons Level 2, Zerg Melee Weapons Level 2, Terran Vehicle Armor Level 2, Zerg Flyer Armor Level 2, Zerg Ground Armor Level 2, Terran Infantry Weapons Level 2, Terran Vehicle Weapons Level 2, Protoss Shields Level 2, Terran Infantry Armor Level 2, Protoss Air Armor Level 2, Zerg Missile Weapons Level 2, Protoss Ground Armor Level 2, Terran Ship Armor Level 2, Terran Vehicle and Ship Weapons Level 2, Zergling x12, Protoss Air Weapons Level 2, Terran Ship Weapons Level 2  
  152  18:30  Greater Spire  
  152  18:31  Corruptor x2  
  152  18:33  Terran Vehicle And Ship Armor Level 2, Zerg Flyer Weapons Level 2, Protoss Ground Weapons Level 2, Zerg Melee Weapons Level 2, Terran Vehicle Armor Level 2, Zerg Flyer Armor Level 2, Zerg Ground Armor Level 2, Terran Infantry Weapons Level 2, Terran Vehicle Weapons Level 2, Protoss Shields Level 2, Terran Infantry Armor Level 2, Protoss Air Armor Level 2, Zerg Missile Weapons Level 2, Protoss Ground Armor Level 2, Terran Ship Armor Level 2, Terran Vehicle and Ship Weapons Level 2, Protoss Air Weapons Level 2, Terran Ship Weapons Level 2  
  156  18:35  Corruptor  
  156  18:36  Corruptor  
  156  18:39  Corruptor x5, Blink, Stimpack  
  170  18:46  Terran Ship Armor Level 1, Terran Infantry Armor Level 1, Protoss Shields Level 1, Zerg Flyer Armor Level 1, Zerg Ground Armor Level 1, Zerg Flyer Weapons Level 1, Protoss Ground Armor Level 1, Protoss Ground Weapons Level 1, Terran Vehicle And Ship Armor Level 1, Protoss Air Armor Level 1, Zerg Melee Weapons Level 1, Terran Vehicle and Ship Weapons Level 1, Terran Vehicle Weapons Level 1, Warp Gate, Zerg Missile Weapons Level 1, Protoss Air Weapons Level 1, Terran Infantry Weapons Level 1, Terran Vehicle Armor Level 1, Terran Ship Weapons Level 1  
  170  18:48  Blink, Stimpack  
  170  18:55  Terran Ship Armor Level 1, Terran Infantry Armor Level 1, Protoss Shields Level 1, Zerg Flyer Armor Level 1, Zerg Ground Armor Level 1, Zerg Flyer Weapons Level 1, Protoss Ground Armor Level 1, Protoss Ground Weapons Level 1, Terran Vehicle And Ship Armor Level 1, Protoss Air Armor Level 1, Zerg Melee Weapons Level 1, Terran Vehicle and Ship Weapons Level 1, Terran Vehicle Weapons Level 1, Warp Gate, Zerg Missile Weapons Level 1, Protoss Air Weapons Level 1, Terran Infantry Weapons Level 1, Terran Vehicle Armor Level 1, Terran Ship Weapons Level 1  
  170  19:00  Charge, Resonating Glaives, Extended Thermal Lance, Building Armor  
  170  19:02  Corruptor x2  
  170  19:03  Corruptor x4  
  170  19:07  Zergling x8, Adrenal Glands, Ventral Sacs  
  170  19:08  Zergling x2  
  170  19:09  Overlord, Charge, Resonating Glaives, Extended Thermal Lance, Building Armor  
  187  19:11  Overlord  
  187  19:13  Enduring Locusts  
  187  19:14  Overlord, Personal Cloaking  
  187  19:16  Adrenal Glands, Ventral Sacs  
  187  19:20  Psionic Storm  
  187  19:21  Cloaking Field, Combat Shields, Tunneling Claws, Centrifical Hooks, Glial Reconstitution, Neural Parasite, Neosteel Frame, Unknown, Corvid Reactor, Metabolic Boost, Infernal Pre-Igniter, Chitinous Plating  
  187  19:22  Enduring Locusts  
  187  19:23  Personal Cloaking  
  187  19:29  Psionic Storm, Burrow, Muscular Augments x2  
  187  19:30  Cloaking Field, Combat Shields, Tunneling Claws, Centrifical Hooks, Glial Reconstitution, Neural Parasite, Neosteel Frame, Unknown, Corvid Reactor, Metabolic Boost, Infernal Pre-Igniter, Chitinous Plating  
  187  19:33  Overlord  
  187  19:34  Overlord  
  187  19:36  Anion Pulse-Crystals  
  187  19:38  Burrow, Muscular Augments x2  
  187  19:42  Hatchery  
  187  19:43  Pathogen Glands, Graviton Catapult, Gravitic Drive, Observer Gravitic Boosters, Hi-Sec Auto Tracking  
  198  19:45  Anion Pulse-Crystals  
  198  19:52  Pathogen Glands, Graviton Catapult, Gravitic Drive, Observer Gravitic Boosters, Hi-Sec Auto Tracking  
  200  19:57  Pneumatized Carapace, Concussive Shells  
  156  20:06  Pneumatized Carapace, Concussive Shells  
  47  20:23  Overlord  
  20  20:29  Drone x12  
  20  20:32  Overlord  
    20:38  Drone x12  
    20:40  Unknown x4  
    20:41  Unknown  
  12  20:49  Unknown x4  
    20:50  Unknown  
    20:53  Drone  
  13  20:58  Drone  
  14  21:10  Overlord  
  14  21:12  Extractor  
  14  21:14  Drone  
  15  21:28  Drone x2  
  17  21:43  Hatchery  
  17  21:46  Drone  
  17  21:49  Drone  
  18  22:00  Extractor  
  17  22:05  Spawning Pool  
  17  22:07  Drone  
  17  22:11  Drone  
  18  22:20  Drone  
  19  22:27  Terran Vehicle And Ship Armor Level 3, Terran Infantry Armor Level 3, Zerg Missile Weapons Level 3, Protoss Shields Level 3, Terran Infantry Weapons Level 3, Zerg Flyer Armor Level 3, Terran Vehicle and Ship Weapons Level 3, Zerg Ground Armor Level 3, Terran Ship Armor Level 3, Zerg Melee Weapons Level 3, Zerg Flyer Weapons Level 3, Terran Vehicle Armor Level 3, Protoss Ground Armor Level 3, Terran Ship Weapons Level 3, Protoss Air Weapons Level 3, Protoss Ground Weapons Level 3, Terran Vehicle Weapons Level 3, Protoss Air Armor Level 3  
  19  22:29  Overlord  
  19  22:40  Drone  
  20  22:45  Hatchery  
  20  22:48  Terran Vehicle And Ship Armor Level 2, Zerg Flyer Weapons Level 2, Protoss Ground Weapons Level 2, Zerg Melee Weapons Level 2, Terran Vehicle Armor Level 2, Zerg Flyer Armor Level 2, Zerg Ground Armor Level 2, Terran Infantry Weapons Level 2, Terran Vehicle Weapons Level 2, Protoss Shields Level 2, Terran Infantry Armor Level 2, Protoss Air Armor Level 2, Zerg Missile Weapons Level 2, Protoss Ground Armor Level 2, Terran Ship Armor Level 2, Terran Vehicle and Ship Weapons Level 2, Protoss Air Weapons Level 2, Terran Ship Weapons Level 2  
  19  22:52  Zergling x2  
  19  22:58  Queen  
  20  23:01  Zergling x2  
  20  23:03  Blink, Stimpack  
  23  23:06  Zergling x2  
  23  23:10  Terran Ship Armor Level 1, Terran Infantry Armor Level 1, Protoss Shields Level 1, Zerg Flyer Armor Level 1, Zerg Ground Armor Level 1, Zerg Flyer Weapons Level 1, Protoss Ground Armor Level 1, Protoss Ground Weapons Level 1, Terran Vehicle And Ship Armor Level 1, Protoss Air Armor Level 1, Zerg Melee Weapons Level 1, Terran Vehicle and Ship Weapons Level 1, Terran Vehicle Weapons Level 1, Warp Gate, Zerg Missile Weapons Level 1, Protoss Air Weapons Level 1, Terran Infantry Weapons Level 1, Terran Vehicle Armor Level 1, Terran Ship Weapons Level 1  
  23  23:11  Metabolic Boost  
  24  23:15  Zergling x2  
  25  23:22  Overlord  
  25  23:24  Charge, Resonating Glaives, Extended Thermal Lance, Building Armor  
  25  23:31  Adrenal Glands, Queen, Ventral Sacs  
  27  23:34  Drone  
  27  23:37  Enduring Locusts  
  27  23:38  Personal Cloaking, Drone  
  29  23:42  Drone  
  29  23:44  Psionic Storm  
  29  23:45  Cloaking Field, Combat Shields, Tunneling Claws, Centrifical Hooks, Glial Reconstitution, Neural Parasite, Neosteel Frame, Unknown, Corvid Reactor, Metabolic Boost, Infernal Pre-Igniter, Chitinous Plating  
  29  23:46  Drone  
  29  23:48  Drone  
  32  23:53  Burrow, Muscular Augments x2  
  32  23:54  Drone  
  32  23:55  Drone  
  34  23:59  Drone  
  34  24:00  Drone, Anion Pulse-Crystals  
  36  24:07  Pathogen Glands, Graviton Catapult, Gravitic Drive, Observer Gravitic Boosters, Hi-Sec Auto Tracking  
  36  24:08  Queen  
  38  24:13  Pneumatized Carapace  
  38  24:18  Drone  
  38  24:19  Drone  
  38  24:21  Pneumatized Carapace, Drone, Concussive Shells  
  38  24:24  Drone  
  42  24:25  Drone  
  42  24:27  Drone  
  44  24:33  Drone x2  
  44  24:34  Drone  
  47  24:45  Drone  
  48  24:46  Overlord, Evolution Chamber  
  48  24:48  Drone  
  48  24:50  Baneling Nest  
  48  24:51  Drone x2  
  48  24:52  Extractor, Drone x12  
  50  25:04  Unknown x5  
  13  25:07  Drone  
  13  25:12  Drone  
  14  25:23  Overlord  
  14  25:27  Extractor, Drone  
  15  25:42  Drone x2  
  17  25:56  Hatchery  
  16  26:00  Drone  
  16  26:03  Drone  
  18  26:15  Extractor  
  17  26:19  Spawning Pool  
  17  26:21  Drone  
  17  26:26  Drone  
  17  26:32  Drone  
  19  26:43  Overlord  
  19  26:54  Drone  
  20  26:58  Hatchery  
  19  27:08  Queen  
  21  27:13  Zergling x2  
  21  27:15  Zergling x2  
  23  27:17  Zergling x2  
  24  27:23  Terran Vehicle And Ship Armor Level 3, Terran Infantry Armor Level 3, Zerg Missile Weapons Level 3, Protoss Shields Level 3, Terran Infantry Weapons Level 3, Zerg Flyer Armor Level 3, Terran Vehicle and Ship Weapons Level 3, Zerg Ground Armor Level 3, Terran Ship Armor Level 3, Zerg Melee Weapons Level 3, Metabolic Boost, Zerg Flyer Weapons Level 3, Terran Vehicle Armor Level 3, Protoss Ground Armor Level 3, Terran Ship Weapons Level 3, Protoss Air Weapons Level 3, Protoss Ground Weapons Level 3, Terran Vehicle Weapons Level 3, Protoss Air Armor Level 3  
  24  27:27  Drone  
  25  27:30  Drone  
  25  27:34  Drone  
  27  27:39  Overlord  
  27  27:44  Terran Vehicle And Ship Armor Level 2, Zerg Flyer Weapons Level 2, Protoss Ground Weapons Level 2, Zerg Melee Weapons Level 2, Terran Vehicle Armor Level 2, Zerg Flyer Armor Level 2, Zerg Ground Armor Level 2, Terran Infantry Weapons Level 2, Terran Vehicle Weapons Level 2, Protoss Shields Level 2, Terran Infantry Armor Level 2, Protoss Air Armor Level 2, Zerg Missile Weapons Level 2, Protoss Ground Armor Level 2, Terran Ship Armor Level 2, Terran Vehicle and Ship Weapons Level 2, Protoss Air Weapons Level 2, Terran Ship Weapons Level 2  
  27  27:48  Queen  
  29  27:53  Drone  
  29  27:55  Drone  
  29  27:57  Drone  
  32  27:59  Blink, Stimpack  
  32  28:02  Drone  
  32  28:03  Drone  
  34  28:06  Terran Ship Armor Level 1, Terran Infantry Armor Level 1, Protoss Shields Level 1, Zerg Flyer Armor Level 1, Zerg Ground Armor Level 1, Zerg Flyer Weapons Level 1, Protoss Ground Armor Level 1, Protoss Ground Weapons Level 1, Terran Vehicle And Ship Armor Level 1, Protoss Air Armor Level 1, Zerg Melee Weapons Level 1, Terran Vehicle and Ship Weapons Level 1, Terran Vehicle Weapons Level 1, Warp Gate, Zerg Missile Weapons Level 1, Protoss Air Weapons Level 1, Terran Infantry Weapons Level 1, Terran Vehicle Armor Level 1, Terran Ship Weapons Level 1  
  34  28:09  Drone  
  34  28:11  Drone  
  36  28:15  Queen  
  38  28:20  Charge, Resonating Glaives, Extended Thermal Lance, Drone x2, Building Armor  
  38  28:23  Drone  
  38  28:25  Drone  
  42  28:27  Adrenal Glands, Ventral Sacs  
  42  28:29  Overlord  
  42  28:33  Overlord, Enduring Locusts  
  42  28:34  Personal Cloaking  
  42  28:36  Drone  
  42  28:38  Drone  
  42  28:40  Psionic Storm  
  42  28:41  Cloaking Field, Combat Shields, Tunneling Claws, Centrifical Hooks, Glial Reconstitution, Neural Parasite, Neosteel Frame, Unknown, Corvid Reactor, Metabolic Boost, Infernal Pre-Igniter, Chitinous Plating  
  44  28:44  Evolution Chamber  
  44  28:46  Drone  
  44  28:47  Baneling Nest  
  43  28:48  Drone  
  43  28:49  Burrow, Muscular Augments x2  
  43  28:55  Extractor, Drone  
  44  28:56  Drone x2, Anion Pulse-Crystals  
  44  28:57  Drone  
  47  29:03  Pathogen Glands, Observer Gravitic Boosters, Hi-Sec Auto Tracking, Graviton Catapult, Zergling x4, Gravitic Drive  
  47  29:04  Zergling x2  
  47  29:05  Drone  
  47  29:06  Drone  
  47  29:08  Drone  
  47  29:09  Drone  
  54  29:16  Overlord  
  54  29:17  Pneumatized Carapace, Concussive Shells  
  54  29:21  Drone x3  
  57  29:26  Drone x4  
  57  29:27  Drone  
  57  29:28  Drone  
  63  29:35  Drone x3  
  63  29:37  Drone  
  63  29:38  Drone  
  68  29:40  Drone  
  68  29:42  Overlord  
  69  29:48  Drone x12  
  69  30:00  Unknown x5  
  69  30:03  Drone  
  13  30:08  Drone  
  13  30:12  Terran Vehicle And Ship Armor Level 3, Terran Infantry Armor Level 3, Zerg Missile Weapons Level 3, Protoss Shields Level 3, Terran Infantry Weapons Level 3, Zerg Flyer Armor Level 3, Terran Vehicle and Ship Weapons Level 3, Zerg Ground Armor Level 3, Terran Ship Armor Level 3, Zerg Melee Weapons Level 3, Zerg Flyer Weapons Level 3, Terran Vehicle Armor Level 3, Protoss Ground Armor Level 3, Terran Ship Weapons Level 3, Protoss Air Weapons Level 3, Protoss Ground Weapons Level 3, Terran Vehicle Weapons Level 3, Protoss Air Armor Level 3  
  14  30:20  Overlord  
  14  30:23  Extractor, Drone  
  15  30:33  Terran Vehicle And Ship Armor Level 2, Zerg Flyer Weapons Level 2, Protoss Ground Weapons Level 2, Zerg Melee Weapons Level 2, Terran Vehicle Armor Level 2, Zerg Flyer Armor Level 2, Zerg Ground Armor Level 2, Terran Infantry Weapons Level 2, Terran Vehicle Weapons Level 2, Protoss Shields Level 2, Terran Infantry Armor Level 2, Protoss Air Armor Level 2, Zerg Missile Weapons Level 2, Protoss Ground Armor Level 2, Terran Ship Armor Level 2, Terran Vehicle and Ship Weapons Level 2, Protoss Air Weapons Level 2, Terran Ship Weapons Level 2  
  15  30:39  Drone x2  
  17  30:48  Blink, Stimpack  
  17  30:53  Hatchery  
  17  30:55  Terran Ship Armor Level 1, Terran Infantry Armor Level 1, Protoss Shields Level 1, Zerg Flyer Armor Level 1, Zerg Ground Armor Level 1, Zerg Flyer Weapons Level 1, Protoss Ground Armor Level 1, Protoss Ground Weapons Level 1, Terran Vehicle And Ship Armor Level 1, Protoss Air Armor Level 1, Zerg Melee Weapons Level 1, Terran Vehicle and Ship Weapons Level 1, Terran Vehicle Weapons Level 1, Warp Gate, Zerg Missile Weapons Level 1, Protoss Air Weapons Level 1, Terran Infantry Weapons Level 1, Terran Vehicle Armor Level 1, Terran Ship Weapons Level 1  
  17  30:56  Drone  
  17  30:59  Drone  
  18  31:09  Charge, Resonating Glaives, Extended Thermal Lance, Building Armor  
  18  31:11  Extractor  
  17  31:15  Spawning Pool  
  17  31:16  Adrenal Glands, Ventral Sacs  
  16  31:18  Drone  
  16  31:20  Drone  
  16  31:22  Enduring Locusts  
  16  31:23  Personal Cloaking  
  18  31:28  Drone  
  18  31:29  Psionic Storm  
  18  31:30  Cloaking Field, Combat Shields, Tunneling Claws, Centrifical Hooks, Glial Reconstitution, Neural Parasite, Neosteel Frame, Unknown, Corvid Reactor, Metabolic Boost, Infernal Pre-Igniter, Chitinous Plating  
  19  31:38  Burrow, Muscular Augments x2  
  19  31:39  Overlord, Hive  
  19  31:45  Anion Pulse-Crystals  
  19  31:50  Drone  
  19  31:52  Pathogen Glands, Graviton Catapult, Gravitic Drive, Observer Gravitic Boosters, Hi-Sec Auto Tracking  
  20  31:55  Hatchery  
  19  32:02  Zergling x2  
  19  32:06  Pneumatized Carapace, Concussive Shells  
  19  32:07  Queen  
  22  32:11  Zergling x2  
  22  32:13  Zergling x2  
  24  32:23  Drone  
  24  32:29  Overlord  
  25  32:32  Overlord  
  25  32:34  Drone  
  25  32:35  Drone  
  27  32:37  Drone x12  
  28  32:49  Unknown x4  
  12  32:52  Drone  
  12  32:58  Drone  
  14  33:07  Overlord  
  14  33:12  Extractor  
  13  33:13  Drone  
  15  33:26  Drone  
  17  33:27  Drone  
  17  33:42  Hatchery  
  17  33:45  Drone  
  17  33:48  Drone  
  18  34:00  Extractor  
  18  34:02  Spawning Pool  
  16  34:05  Drone  
  16  34:09  Drone  
  18  34:18  Drone  
  19  34:29  Overlord  
  19  34:39  Drone  
  19  34:45  Hatchery  
  19  34:51  Queen  
  21  34:55  Zergling x2  
  21  34:58  Zergling x2  
  23  35:03  Zergling x2  
  24  35:07  Metabolic Boost  
  24  35:14  Overlord  
  24  35:17  Drone  
  25  35:24  Drone x2  
  27  35:28  Drone  
  28  35:36  Queen  
  28  35:42  Drone  
  31  35:43  Drone  
  31  35:47  Drone  
  31  35:48  Drone  
  34  35:54  Drone  
  34  35:56  Drone  
  36  36:00  Pneumatized Carapace  
  36  36:06  Queen  
  38  36:12  Drone x3  
  41  36:19  Drone x3  
  41  36:23  Overlord  
  44  36:27  Overlord  
  44  36:30  Drone  
  44  36:31  Drone  
  46  36:33  Drone  
  46  36:35  Drone  
  48  36:43  Evolution Chamber  
  48  36:45  Baneling Nest  
  48  36:47  Extractor, Drone  
  45  36:48  Drone x2  
  45  36:52  Drone x2  
  45  36:53  Drone  
  51  36:54  Drone  
  51  36:56  Drone  
  51  36:58  Drone  
  54  37:07  Drone x4  
  58  37:11  Zerg Melee Weapons Level 1  
  58  37:12  Overlord  
  58  37:17  Drone x4  
  58  37:19  Drone  
  58  37:20  Drone  
  64  37:26  Lair  
  64  37:28  Overlord  
  64  37:34  Zergling x6  
  64  37:35  Zergling x6  
  70  37:44  Overlord  
  70  37:48  Zergling x2  
  70  37:49  Zergling x8  
  75  37:56  Hatchery  
  74  38:03  Overlord  
  74  38:04  Overlord  
  74  38:05  Zergling x14  
  81  38:15  Extractor, Drone x2  
  81  38:16  Extractor  
  81  38:18  Drone x3  
  84  38:23  Drone x2  
  84  38:24  Drone  
  87  38:30  Centrifical Hooks  
  87  38:31  Infestation Pit  
  86  38:36  Drone x2  
  86  38:37  Extractor, Drone x3  
  86  38:38  Extractor, Drone  
  90  38:43  Drone  
  90  38:45  Zergling x4  
  90  38:46  Zergling x6  
  90  38:47  Overlord x2  
  96  38:52  Overlord  
  96  38:53  Overlord x2  
  96  38:57  Drone, Evolution Chamber  
  96  39:05  Zerg Melee Weapons Level 2  
  96  39:08  Hive  
  96  39:10  Drone  
  96  39:14  Spire  
  96  39:15  Drone  
  96  39:16  Drone  
  98  39:18  Queen  
  98  39:19  Overlord  
  98  39:21  Drone x5  
  105  39:25  Zerg Ground Armor Level 1  
  105  39:36  Drone x5  
  105  39:37  Drone x2  
  112  39:39  Extractor  
  112  39:42  Extractor  
  110  39:47  Drone  
  110  39:48  Drone x5  
  116  39:57  Zergling x14  
  123  40:00  Baneling x19  
  123  40:01  Baneling x2  
  123  40:04  Overlord x4  
  123  40:05  Overlord  
  123  40:26  Corruptor x2, Greater Spire  
  123  40:27  Corruptor x3  
  133  40:33  Corruptor x2  
  137  40:36  Hatchery  
  137  40:41  Corruptor x2  
  140  40:55  Drone  
  141  41:06  Mutalisk  
  141  41:08  Corruptor  
  141  41:09  Corruptor x2  
  141  41:11  Extractor  
  148  41:15  Extractor  
  147  41:39  Brood Lord  
  149  41:42  Brood Lord  
Show
View Real Time Build Order
Export as new Build Order

Yourself Protoss 

Build Orders:  

Get SALT Encoding   

  12  0:31  Probe x12 (Chrono Boost)  
  12  0:41  Unknown  
  12  5:40  Probe x12 (Chrono Boost)  
  12  5:50  Unknown  
  12  9:47  Probe x12 (Chrono Boost)  
  12  9:58  Unknown  
  12  10:16  Probe x12 (Chrono Boost)  
  12  10:26  Unknown  
  12  20:30  Probe x12 (Chrono Boost)  
  12  20:39  Probe x12 (Chrono Boost)  
  12  20:41  Unknown  
    20:50  Unknown  
  12  24:54  Probe x12 (Chrono Boost)  
  12  25:04  Unknown  
  12  29:50  Probe x12 (Chrono Boost)  
  12  30:00  Unknown  
  12  32:39  Probe x12 (Chrono Boost)  
  12  32:50  Unknown  
Tags
 
Add a new tag
Caveats
  • Supply blocks, unpowered buildings, or Contaminate may cause inaccurate times.
  • Supply counts are checked every 10 seconds.